 Dungeon Crawl Stone Soup version 0.30.1-11-g7821555f0a (webtiles) character file.

Game seed: 15820685855556005658

790 Kritake the Sneak (level 7, -17/60 HPs)
             Began as a Ghoul Delver on Jan 8, 2024.
             Was an Initiate of Wu Jian.
             Demolished by a wight
             ... wielding a +5 scimitar
              (23 damage)
             ... on level 6 of the Dungeon.
             The game lasted 00:17:42 (1606 turns).

Kritake the Sneak (Ghoul Delver)                    Turns: 1606, Time: 00:17:42

Health: -17/60     AC:  7    Str: 18    XL:     7   Next: 87%
Magic:  15/15      EV: 11    Int:  5    God:    Wu Jian [......]
Gold:   159        SH:  0    Dex: 10    Spells: 6/6 levels left

rFire   . . .        v - +1 demon trident (venom)
rCold   + . .        t - orb {mayhem}
rNeg    + + +        j - +2 ring mail {Will+}
rPois   ∞            (no helmet)
rElec   .            (no cloak)
rCorr   .            (no gloves)
SInv    .            (no boots)
Will    ++...        C - amulet of regeneration
Stlth   +++          l - ring of willpower
HPRegen 1.10/turn    h - ring of magical power
MPRegen 0.14/turn

%: mayhem
@: no status effects
A: claws 1, cold resistance 1, negative energy resistance 3, inhibited
regeneration, torment resistance 2, devour on kill
a: Renounce Religion


You were on level 6 of the Dungeon.
You worshipped Wu Jian.
Wu Jian was noncommittal.
You visited 2 branches of the dungeon, and saw 6 of its levels.

You collected 159 gold pieces.

Inventory:

Hand Weapons
 a - a +0 spear
 v - a +1 demon trident of venom (weapon)
 y - a +1 scythe of protection
Armour
 b - a +0 leather armour
 j - a +2 ring mail of willpower (worn)
 s - a +0 buckler
 t - an orb of mayhem (worn)
Jewellery
 h - a ring of magical power (right claw)
 l - a ring of willpower (left claw)
 C - an amulet of regeneration (around neck)
Wands
 g - a wand of digging (3)
Scrolls
 c - a scroll of fog
 d - a scroll of magic mapping
 o - a scroll of immolation {unknown}
 p - a scroll of enchant weapon {unknown}
 q - 2 scrolls of teleportation {unknown}
 r - 3 scrolls of identify
 u - a scroll of amnesia {unknown}
 w - a scroll of noise {unknown}
 A - a scroll of butterflies {unknown}
 B - a scroll of poison {unknown}
Potions
 f - a potion of haste
 i - 3 potions of mutation
 k - a potion of curing {unknown}
 m - a potion of lignification {unknown}
 n - a potion of might {unknown}
 x - a potion of degeneration {unknown}
 z - a potion of flight {unknown}
 D - a potion of brilliance {unknown}


   Skills:
 + Level 4.8 Fighting
 + Level 5.4 Polearms
 + Level 0.7 Throwing
 + Level 2.8 Armour
 + Level 2.3 Dodging
 + Level 6.9 Stealth
 + Level 0.6 Shields


You had 6 spell levels left.
You didn't know any spells.
Your spell library contained the following spells:

 Spells                   Type           Power      Damage    Failure   Level
 Ensorcelled Hibernation  Hex/Ice        0%         N/A       80%         2
 Passwall                 Tmut/Erth      0%         N/A       80%         2
 Swiftness                Air            0%         N/A       95%         3


Dungeon Overview and Level Annotations

Branches:
Dungeon (6/15)             Temple (1/1) D:4

Altars:
Ashenzari
Fedhas
Gozag
Nemelex Xobeh
Qazlal
Uskayaw
Vehumet
Wu Jian
Yredelemnul


Innate Abilities, Weirdness & Mutations

You are immune to poison.
You have sharp fingernails.
Your flesh is cold resistant. (rC+)
You are immune to negative energy. (rN+++)
You do not regenerate when monsters are visible.
You are immune to unholy pain and torment.
You thrive by killing the living.


Message History

Found 7 stones.
Found a stone staircase leading down.
A wight comes into view. It is wielding a +0 short sword.
A wight comes into view. It is wielding a +5 scimitar.
You lunge at the wight.
The helpless wight fails to defend itself.
You impale the wight!!
You destroy the wight!
The Council accepts your kill.
The wight flies into a frenzy!
A wight comes into view. It is wielding a +0 long sword.
The wight hits the wight with a +5 scimitar!!!
The wight is destroyed!
The Council accepts your kill.
Things that are here:
a +0 short sword; a +0 robe You puncture the wight!
The wight is almost destroyed.
The wight barely misses you. The wight hits you with a +5 scimitar!!
Ouch! That really hurt!
You hit the wight but do no damage.
The wight is almost destroyed.
The wight hits you with a +5 scimitar!
A wight comes into view. It is wielding a +0 war axe.
You barely miss the wight.
The wight is almost destroyed.
The wight hits you with a +5 scimitar!
* * * LOW HITPOINT WARNING * * *
The wight barely misses the wight.
The wight hits the wight with a +5 scimitar!!
The wight is destroyed!
The Council accepts your kill.
Read: scroll of fear
Press: ? - help, Q - select action, (/) - cycle Dir - look around, f - activate Look: a wight, wielding a +5 scimitar and wearing a +0 robe (almost destroyed, fast, strong, frenzied and insane, unaware, not susceptible)
As you read the scroll of fear, it crumbles to dust.
You assume a fearsome visage.
The wight is unaffected.
The wight hits you with a +5 scimitar!!
You die...

#....# ####### #....#
#...#..
#.>..#####.#.### ##
####....#.......... ..
......(.#..........
###. ##..............
.... #...#.......(###
#).###.#.#.####......
#..z@)...#.####....#.
#...)#######.##........
#.## #...........
#.....#...##
..........## ..
######... #... ##.# #.


You could see a neutral wight (fast, strong, insane).

Vanquished Creatures
  Sigmund (D:4)
  An ice beast (D:5)
  A black bear (D:5)
  2 scorpions
  A wight (D:6)
  A jelly (D:5)
  Natasha (thrice) (D:4)
  4 adders
  An ufetubus (D:5)
  2 worms
  2 dart slugs
  2 orcs (D:3)
  2 endoplasms (D:2)
  3 goblins
  5 hobgoblins
  A kobold (D:2)
  A quokka (D:3)
  2 ball pythons
  A bat (D:2)
  A rat (D:2)
37 creatures vanquished.

Vanquished Creatures (collateral kills)
  2 wights (D:6)
2 creatures vanquished.

Grand Total: 39 creatures vanquished

Notes
Turn   | Place    | Note
-------+----------+-------------------------------------------
     0 | D:5      | Kritake the Ghoul Delver began the quest for the Orb.
     0 | D:5      | Reached XP level 1. HP: 19/19 MP: 0/0
    43 | D:4      | Noticed a scorpion
   111 | D:3      | Reached XP level 2. HP: 20/26 MP: 1/1
   232 | D:2      | Reached XP level 3. HP: 32/33 MP: 2/2
   416 | D:2      | Reached skill level 1 in Armour
   569 | D:2      | Reached skill level 6 in Stealth
   754 | D:3      | Found an opulent altar of Gozag.
   924 | D:3      | Reached XP level 4. HP: 40/40 MP: 3/3
   931 | D:4      | Noticed Natasha
   939 | D:4      | Killed Natasha
   962 | D:4      | Noticed a scorpion
   986 | D:4      | Noticed Natasha
   999 | D:4      | Killed Natasha
  1000 | D:4      | Reached XP level 5. HP: 39/46 MP: 4/4
  1078 | D:4      | Noticed Sigmund
  1089 | D:4      | Killed Sigmund
  1090 | D:4      | Reached XP level 6. HP: 53/53 MP: 5/5
  1230 | D:4      | Found a staircase to the Ecumenical Temple.
  1230 | D:4      | Noticed Natasha
  1235 | D:4      | Killed Natasha
  1240 | Temple   | Entered the Ecumenical Temple
  1254 | Temple   | Became a worshipper of the Wu Jian Council
  1375 | D:5      | Noticed an ice beast
  1383 | D:5      | Killed an ice beast
  1384 | D:5      | Reached XP level 7. HP: 47/60 MP: 6/6
  1566 | D:6      | Reached skill level 5 in Polearms
  1606 | D:6      | Demolished by a wight

Illustrated notes

Levels and vault maps discovered:
D:2:      layout_loops_corners
D:3:      layout_loops_ring, grunt_gozag_statues,
          dreamdust_ecumenical_altar_hidden_monk_grotto, lemuel_flame_loot_1
D:4:      layout_rooms, minmay_temple_entry_fiery, uniq_natasha, uniq_sigmund
D:5:      layout_basic, uniq_eustachio
D:6:      minmay_spotlight, layout_basic
Temple:   eino_temple_rhombus

Skill      XL: |  1  2  3  4  5  6  7 |
---------------+----------------------+-----
Armour         | 1 2 |  2.8
Polearms       | 2 3 4 5 |  5.4
Stealth        | 6 |  6.9
Fighting       | 4 |  4.8
Dodging        | 2 |  2.3
Throwing       | |  0.7
Shields        | |  0.6

Action                     |  1- 3 |  4- 6 |  7- 9 || total
---------------------------+-------+-------+-------++-------
  Melee: Spear             |   105 |       |       ||   105
         Punch             |     1 |       |       ||     1
         Demon trident     |     7 |    38 |    13 ||    58
  Throw: Throwing net      |       |     3 |       ||     3
Ability: Lunge             |       |     1 |     2 ||     3
    Use: Scroll            |     1 |       |     1 ||     2
   Stab: Sleeping          |     4 |     3 |     1 ||     8
 Armour: Leather armour    |    10 |       |       ||    10
         Ring mail         |    18 |    14 |     7 ||    39
  Dodge: Dodged            |    52 |    12 |     4 ||    68
  Block: Buckler           |     3 |       |       ||     3
